 Dungeon Crawl Stone Soup version 0.17.0-9-g801d43b (webtiles) character file.

2335 RKaid the Thaumaturge (level 9, -7/48 HPs)
             Began as a Deep Elf Fire Elementalist on Nov 10, 2015.
             Was a Follower of Sif Muna.
             Mangled by a thrashing horror (12 damage)
             ... on level 1 of the Abyss.
             The game lasted 00:34:04 (8239 turns).

RKaid the Thaumaturge (Deep Elf Fire Elementalist)  Turns: 8239, Time: 00:34:04

Health: -7/48      AC:  7    Str:  5    XL:     9   Next: 19%
Magic:  20/24      EV: 15    Int: 24    God:    Sif Muna [*.....]
Gold:   191        SH:  0    Dex: 13    Spells: 5 memorised, 11 levels left

rFire  + . .     SeeInvis .     e - +1 short sword
rCold  + + .     Clarity  .     m - +2 robe {rC+ rF+}
rNeg   . . .     SustAt   .     (no shield)
rPois  .         Gourm    .     (no helmet)
rElec  +         Spirit   .     p - +2 cloak
rCorr  .         Warding  .     (no gloves)
rMut   .         Stasis   .     (no boots)
MR     .....                    (no amulet)
Stlth  ++........               (no ring)
                                (no ring)

@: about to teleport, very slightly contaminated, hasted, very quick, not
resistant to hostile enchantments, unstealthy
A: clumsy 1, cold resistance 1, electricity resistance
a: Channel Energy, Renounce Religion


You were on level 1 of the Abyss.
You worshipped Sif Muna.
Sif Muna was aware of your devotion.
You were not hungry.

You visited 2 branches of the dungeon, and saw 9 of its levels.
You visited the Abyss 1 time.

You collected 320 gold pieces.
You spent 129 gold pieces at shops.

Inventory:

Hand Weapons
 e - a +1 short sword (weapon)
 B - a +0 shortbow
Missiles
 a - 2 javelins (quivered)
 j - 13 poisoned arrows
 o - 153 arrows
Armour
 m - a +2 robe of resistance (worn)
 p - a +2 cloak (worn)
Jewellery
 v - an uncursed amulet of stasis
Wands
 u - a wand of disintegration (8)
 y - a wand of cold (2)
 z - a wand of cold (9)
 C - a wand of lightning (4)
 E - a wand of paralysis (11)
Scrolls
 g - a scroll of immolation
 i - a scroll of noise {unknown}
 k - 7 scrolls of remove curse
 l - a scroll of teleportation
 w - a scroll of identify
Potions
 h - 3 potions of brilliance
 n - 3 potions of agility
 q - a potion of invisibility
 r - a potion of magic
 s - a potion of cure mutation
 t - 2 potions of haste
 x - a potion of ambrosia {unknown}
Books
 b - a book of Flames

   Spells                             Type                      Level
   a - Flame Tongue                   Conjuration/Fire             1
   b - Throw Flame                    Conjuration/Fire             2
   c - Conjure Flame                  Conjuration/Fire             3
   d - Inner Flame                    Hexes/Fire                   3
   e - Sticky Flame                   Conjuration/Fire             4
   f - Fireball                       Conjuration/Fire             5
 F - a book of Party Tricks

   Spells                             Type                      Level
   a - Summon Butterflies             Summoning                    1
   b - Apportation                    Translocation                1
   c - Tukima's Dance                 Hexes                        3
   d - Alistair's Intoxication        Transmutation/Poison         4
   e - Invisibility                   Hexes                        6
Comestibles
 c - 6 bread rations
 f - a meat ration
 A - 2 beef jerkies
 D - 7 slices of pizza


   Skills:
 - Level 2.2 Fighting
 + Level 6.6 Dodging
 - Level 2.4 Stealth
 + Level 9.3 Spellcasting
 + Level 6.3 Conjurations
 + Level 7.4 Fire Magic


You had 11 spell levels left.
You knew the following spells:

 Your Spells              Type           Power        Failure   Level  Hunger
a - Flame Tongue          Conj/Fire      #####        1%          1    None
b - Throw Flame           Conj/Fire      #####.       1%          2    None
c - Conjure Flame         Conj/Fire      #####...     1%          3    None
d - Sticky Flame          Conj/Fire      #####...     3%          4    ##.....
e - Fireball              Conj/Fire      #####.....   12%         5    ####...


Dungeon Overview and Level Annotations

Branches:
Dungeon (8/15)             Temple (1/1) D:7
   Lair: D:8-11

Altars:
Ashenzari
Cheibriados
Dithmenos
Elyvilon
Fedhas
Gozag
Kikubaaqudgha
Makhleb
Nemelex Xobeh
Okawaru
Qazlal
Ru
Sif Muna
Trog
Vehumet
Xom
Yredelemnul
Zin
The Shining One

Shops:
D:4 ([[(:

Annotations:
D:7 Joseph
D:8 Grum, Psyche


Innate Abilities, Weirdness & Mutations

You are clumsy. (Dex -2)
Your flesh is cold resistant.
You are resistant to electric shocks.


Message History

Drink which item? (? for menu, Esc to quit)
You feel much better.
The thrashing horror burns!
The thrashing horror misses you. The thrashing horror tramples you.
You stumble backwards!
The thrashing horror roars!
The thrashing horror burns!
The thrashing horror stops burning.
Drink which item? (? for menu, Esc to quit)
You feel yourself speed up.
The thrashing horror completely misses you.
The thrashing horror tramples you.
You stumble backwards!
You are very lightly contaminated with residual magic.
The thrashing horror tramples you.
You stumble backwards!
The thrashing horror tramples you!
* * * LOW HITPOINT WARNING * * *
You hold your ground!
The thrashing horror barely misses you. The thrashing horror tramples you.
* * * LOW HITPOINT WARNING * * *
You stumble backwards!
The thrashing horror tramples you!
You die...

# .## ####..
#@#.## ###.X#.# #
#####.###.## #
###3....##.#.# .
.#
###..##.X..#..#.#
# .53.#
##.##...##..#
#.... # #### ####
#.≈≈ #..# .#.#
#.#. .≈≈≈ ## #
##### ##.#.##
≈≈≈≈♣..


You could see a thrashing horror.

Vanquished Creatures
  Grinder (D:6)
  A hog (D:7)
  A human (D:7)
  Menkaure (D:7)
  2 ogres
  An ice beast (D:5)
  A sky beast (D:5)
  A phantom (D:6)
  3 centaurs
  3 giant frogs
  2 scorpions (D:6)
  4 crimson imps
  A centaur zombie (D:5)
  2 jellies (D:8)
  A giant frog skeleton (D:4)
  Jessica (D:3)
  6 worker ants
  3 iguanas
  3 sheep (D:7)
  A worker ant zombie (D:8)
  14 adders
  A shadow imp (D:7)
  3 worms
  3 giant geckos
  2 orcs
  10 goblins
  7 hobgoblins
  2 jackals (D:5)
  6 kobolds
  10 quokkas
  8 bats
  4 giant cockroaches
  A giant gecko zombie (D:6)
  3 giant newts
  A jackal skeleton (D:4)
  A quokka skeleton (D:6)
  6 rats
121 creatures vanquished.

Vanquished Creatures (others)
  8 starspawn tentacles (Abyss:1)
  28 starspawn tentacle segments (Abyss:1)
36 creatures vanquished.

Grand Total: 157 creatures vanquished

Notes
Turn   | Place    | Note
--------------------------------------------------------------
     0 | D:1      | RKaid the Deep Elf Fire Elementalist began the quest for the Orb.
     0 | D:1      | Reached XP level 1. HP: 10/10 MP: 6/6
   233 | D:1      | Reached XP level 2. HP: 15/15 MP: 6/8
   237 | D:1      | Learned a level 2 spell: Throw Flame
   885 | D:2      | Reached XP level 3. HP: 19/19 MP: 5/10
  1500 | D:2      | Reached skill level 4 in Spellcasting
  1874 | D:2      | Reached XP level 4. HP: 24/24 MP: 9/12
  2143 | D:2      | Learned a level 3 spell: Conjure Flame
  2148 | D:2      | Learned a level 4 spell: Sticky Flame
  2427 | D:3      | Noticed Jessica
  2428 | D:3      | Killed Jessica
  2691 | D:3      | Found a basalt altar of Yredelemnul.
  2888 | D:3      | Reached XP level 5. HP: 28/28 MP: 12/14
  2890 | D:3      | Found a faded altar to an unknown god.
  3183 | D:4      | Found Qoeb's Weapon Boutique.
  3245 | D:4      | Found Naymakh's Armour Emporium.
  3249 | D:4      | Found Waploce's Weapon Boutique.
  3264 | D:4      | Found Pextyum's Book Shoppe.
  3385 | D:4      | Reached skill level 5 in Spellcasting
  3447 | D:4      | Reached skill level 5 in Fire Magic
  3731 | D:4      | Found Ithupnoh's Antique Armour Boutique.
  3734 | D:4      | Bought an embroidered robe for 17 gold pieces
  3734 | D:4      | Bought a glowing cloak for 112 gold pieces
  3858 | D:4      | Reached XP level 6. HP: 32/32 MP: 2/16
  3963 | D:5      | Entered Level 5 of the Dungeon
  4200 | D:5      | Reached skill level 6 in Spellcasting
  4322 | D:5      | Reached XP level 7. HP: 19/36 MP: 18/18
  5308 | D:6      | Learned a level 5 spell: Fireball
  5403 | D:6      | Reached skill level 1 in Fighting
  5571 | D:6      | Reached skill level 7 in Spellcasting
  5670 | D:6      | Found a shadowy altar of Dithmenos.
  6249 | D:7      | Reached XP level 8. HP: 44/44 MP: 13/21
  6297 | D:7      | Noticed Joseph
  6358 | D:6      | Noticed Grinder
  6369 | D:6      | Killed Grinder
  6369 | D:6      | Reached skill level 5 in Dodging
  6369 | D:6      | Reached skill level 8 in Spellcasting
  6369 | D:6      | Reached skill level 5 in Conjurations
  6661 | D:7      | Found a staircase to the Ecumenical Temple.
  6666 | Temple   | Entered the Ecumenical Temple
  6768 | Temple   | Became a worshipper of Sif Muna the Loreminder
  7169 | D:7      | Gained mutation: Your flesh is cold resistant. [potion of mutation]
  7169 | D:7      | Gained mutation: You are resistant to electric shocks. [potion of mutation]
  7169 | D:7      | Gained mutation: You are clumsy. (Dex -2) [potion of mutation]
  7647 | D:7      | Noticed Menkaure
  7651 | D:7      | Killed Menkaure
  7712 | D:7      | Noticed a human
  7713 | D:7      | Noticed a hog
  7720 | D:7      | Killed a human
  7725 | D:7      | Killed a hog
  7725 | D:7      | Reached * piety under Sif Muna
  7725 | D:7      | Reached skill level 9 in Spellcasting
  7725 | D:7      | Reached XP level 9. HP: 44/48 MP: 7/24
  7993 | D:8      | Found a basalt altar of Yredelemnul.
  8090 | D:8      | Noticed Grum
  8105 | D:8      | Noticed Psyche
  8110 | D:8      | Cast into the Abyss (Psyche)
  8110 | Abyss:1  | Found a corrupted altar of Lugonu.
  8143 | Abyss:1  | Noticed a tentacled starspawn
  8173 | Abyss:1  | Noticed a starcursed mass
  8217 | Abyss:1  | Noticed a thrashing horror
  8239 | Abyss:1  | Mangled by a thrashing horror

Action                   |  1- 3 |  4- 6 |  7- 9 || total
-------------------------+-------+-------+-------++-------
Melee: Short sword       |       |    25 |     9 ||    34
 Cast: Flame Tongue      |    49 |    84 |    80 ||   213
       Throw Flame       |     1 |    14 |    57 ||    72
       Sticky Flame      |       |       |     3 ||     3
       Conjure Flame     |       |       |     2 ||     2
       Fireball          |       |       |     1 ||     1
Evoke: Wand              |       |     1 |     6 ||     7
  Use: Scroll            |     2 |     8 |    10 ||    20
       Potion            |       |     1 |     4 ||     5
 Stab: Paralysed         |       |       |     3 ||     3
  Eat: Chunk             |     1 |     4 |     5 ||    10
       Bread ration      |     1 |       |     1 ||     2
       Beef jerky        |       |     1 |       ||     1
       Royal jelly       |       |       |     1 ||     1
       Pizza             |       |       |     1 ||     1
